Workbook
Name DEPENDENCIAS: [1]LISTAS!$B$2:$B$16
Name prueba: #REF!

Sheet KR Y POM
A1: =[2]PRESUPUESTOS!B1 -> INSTITUTO NACIONAL DE VÍAS
A2: =[2]PRESUPUESTOS!B2 -> DIRECCIÓN GENERAL
A3: =[2]PRESUPUESTOS!B3 -> DIRECCIÓN DE CONTRATACIÓN
A4: SA-MC-DT-CUN-011-2018
A5: OBJETO: “ATENCIÓN DE SITIOS CRÍTICOS DE LA CARRETERA ZIPAQUIRÁ – UBATÉ RUTA 45A, TRAMO 45A04 EN EL DEPARTAMENTO DE CUNDINAMARCA”.
A6: CUADRO No. 6
A7: CAPACIDAD RESIDUAL DEL PROPONENTE
G9: PLIEGO | H9: 4.19 CAPACIDAD RESIDUAL (KR)
A10: No. | B10: PROPONENTE | C10: % | D10: INGRESOS OPERACIONALES | E10: ACTIVO CORRIENTE (Ac) | F10: PASIVO CORRIENTE (Pc) | G10: $ CTOS EJEC EN RUP | H10: CAPACIDAD FINANCIERA | I10: PUNTAJE | J10: CAPACIDAD TECNICA | K10: PUNTAJE | L10: EXPER | M10: PUNTAJE | N10: CAPACIDAD DE ORGANIZACIÓN (Co) = | O10: SCE | P10: KR PROPONENTE | Q10: CUMPLE/NO CUMPLE
C11: PART. | D11: ($) | E11: ($) | F11: ($) | G11: (SMMLV) | H11: (CF) | I11: (CF) | J11: (CT) | K11: (CT) | L11: ( E ) | M11: (E) | N11: ($) | O11: ($) | P11: ($)
N12: =Hoja1!F9 -> 340808750
A13: 1 | B13: MANOLO ARTEAGA ORTEGA | C13: 1 | D13: 1404116 | E13: 1377584000 | F13: 73885000 | G13: =29659139334.18/781242 -> 37964.087 | H13: =E13/F13 -> 18.644975 | I13: =IF(0<=H13>=1.5,LOOKUP(H13,VARIABLES!$B$5:$B$9,VARIABLES!$D$5:'VARIABLES'!$D$9)) -> 40 | J13: 1 | K13: =IF(0<=J13>=11.01,LOOKUP(J13,VARIABLES!$B$14:$B$17,VARIABLES!$D$14:'VARIABLES'!$D$17)) -> 20 | L13: =G13/'KR SLICITADO'!$H$16*C13 -> 94.155999 | M13: =IF(0<=L13>=10.01,LOOKUP(L13,VARIABLES!$B$22:$B$25,VARIABLES!$D$22:'VARIABLES'!$D$25)) -> 120 | N13: =IF(D13<$N$12,$N$12,IF(D13>=$N$12,D13)) -> 340808750 | O13: 0 | P13: =((N13*((M13+K13+I13)/100)))-O13 -> 613455750 | Q13: =IF(P13<'KR SLICITADO'!H15,"NO ADMISIBLE","ADMISIBLE") -> ADMISIBLE
A14: 2 | B14: CONATLA S.A.S | C14: 1 | Q14: =IF(P14<'KR SLICITADO'!H16,"NO ADMISIBLE","ADMISIBLE") -> NO ADMISIBLE
A15: 3 | B15: CIPAVI LTDA | C15: 1 | D15: 8305840736 | E15: 2964369730 | F15: 1145974586 | G15: =35281888709.76/781242 -> 45161.28 | H15: =E15/F15 -> 2.5867674 | I15: =IF(0<=H15>=1.5,LOOKUP(H15,VARIABLES!$B$5:$B$9,VARIABLES!$D$5:'VARIABLES'!$D$9)) -> 40 | J15: 2 | K15: =IF(0<=J15>=11.01,LOOKUP(J15,VARIABLES!$B$14:$B$17,VARIABLES!$D$14:'VARIABLES'!$D$17)) -> 20 | L15: =G15/'KR SLICITADO'!$H$16*C15 -> 112.006 | M15: =IF(0<=L15>=10.01,LOOKUP(L15,VARIABLES!$B$22:$B$25,VARIABLES!$D$22:'VARIABLES'!$D$25)) -> 120 | N15: =IF(D15<$N$12,$N$12,IF(D15>=$N$12,D15)) -> 8305840736 | O15: 1.5422956e+09 | P15: =((N15*((M15+K15+I15)/100)))-O15 -> 1.3408218e+10 | Q15: =IF(P15<'KR SLICITADO'!H17,"NO ADMISIBLE","ADMISIBLE") -> ADMISIBLE
A16: 4 | B16: URIEL EDGARDO HERNANDEZ GAITAN | C16: 1 | D16: 1696059639 | E16: 1017758000 | F16: 121747000 | G16: =12238493739/781242 -> 15665.432 | H16: =E16/F16 -> 8.3596146 | I16: =IF(0<=H16>=1.5,LOOKUP(H16,VARIABLES!$B$5:$B$9,VARIABLES!$D$5:'VARIABLES'!$D$9)) -> 40 | J16: 2 | K16: =IF(0<=J16>=11.01,LOOKUP(J16,VARIABLES!$B$14:$B$17,VARIABLES!$D$14:'VARIABLES'!$D$17)) -> 20 | L16: =G16/'KR SLICITADO'!$H$16*C16 -> 38.852362 | M16: =IF(0<=L16>=10.01,LOOKUP(L16,VARIABLES!$B$22:$B$25,VARIABLES!$D$22:'VARIABLES'!$D$25)) -> 120 | N16: =IF(D16<$N$12,$N$12,IF(D16>=$N$12,D16)) -> 1696059639 | O16: 0 | P16: =((N16*((M16+K16+I16)/100)))-O16 -> 3.0529074e+09 | Q16: =IF(P16<'KR SLICITADO'!H18,"NO ADMISIBLE","ADMISIBLE") -> ADMISIBLE
A17: 5 | B17: JUAN CARLOS LLANO GARCIA | C17: 1 | D17: 357896000 | E17: 263078164 | F17: 6934630 | G17: =9824912673.11/781242 -> 12576.017 | H17: =E17/F17 -> 37.936871 | I17: =IF(0<=H17>=1.5,LOOKUP(H17,VARIABLES!$B$5:$B$9,VARIABLES!$D$5:'VARIABLES'!$D$9)) -> 40 | J17: 6 | K17: =IF(0<=J17>=11.01,LOOKUP(J17,VARIABLES!$B$14:$B$17,VARIABLES!$D$14:'VARIABLES'!$D$17)) -> 30 | L17: =G17/'KR SLICITADO'!$H$16*C17 -> 31.190199 | M17: =IF(0<=L17>=10.01,LOOKUP(L17,VARIABLES!$B$22:$B$25,VARIABLES!$D$22:'VARIABLES'!$D$25)) -> 120 | N17: =IF(D17<$N$12,$N$12,IF(D17>=$N$12,D17)) -> 357896000 | O17: 11281361 | P17: =((N17*((M17+K17+I17)/100)))-O17 -> 6.6872104e+08 | Q17: =IF(P17<'KR SLICITADO'!H19,"NO ADMISIBLE","ADMISIBLE") -> ADMISIBLE

Sheet VARIABLES
B2: CAPACIDAD FINANCIERA
B4: MAYOR A | C4: MENOR O IGUAL A | D4: PUNTAJE
B5: 0 | C5: 0.5 | D5: 20
B6: 0.5 | C6: 0.75 | D6: 25
B7: 0.75 | C7: 1 | D7: 30
B8: 1 | C8: 1.5 | D8: 35
B9: 1.5 | C9: 1.51 | D9: 40
B12: CAPACIDAD TECNICA
B13: DESDE | C13: HASTA | D13: PUNTAJE
B14: 0 | C14: 0 | D14: 0
B15: 1 | C15: 5 | D15: 20
B16: 6 | C16: 10 | D16: 30
B17: 11 | C17: 11.01 | D17: 40
B19: EXPERIENCIA
B21: MAYOR A | C21: MENOR O IGUAL A | D21: PUNTAJE
B22: 0 | C22: 3 | D22: 60
B23: 3 | C23: 6 | D23: 80
B24: 6 | C24: 10 | D24: 100
B25: 10 | C25: 10.01 | D25: 120

Sheet SMLM
A1: PERIODO | D1: SMLM
A2: 29222 | C2: 29587 | D2: 4500
A3: 29588 | C3: 29952 | D3: 5700 | E3: =D3/D2-1 -> 0.26666667
A4: 29953 | C4: 30317 | D4: 7410 | E4: =D4/D3-1 -> 0.3
A5: 30318 | C5: 30682 | D5: 9261 | E5: =D5/D4-1 -> 0.24979757
A6: 30683 | C6: 31048 | D6: 11298 | E6: =D6/D5-1 -> 0.21995465
A7: 31049 | C7: 31413 | D7: 13557.6 | E7: =D7/D6-1 -> 0.2
A8: 31414 | C8: 31778 | D8: 16611.4 | E8: =D8/D7-1 -> 0.22524636
A9: 31779 | C9: 32143 | D9: 20509.8 | E9: =D9/D8-1 -> 0.23468221
A10: 32144 | C10: 32508 | D10: 25637.4 | E10: =D10/D9-1 -> 0.25000731
A11: 32509 | C11: 32873 | D11: 32559.6 | E11: =D11/D10-1 -> 0.27000398
A12: 32874 | C12: 33238 | D12: 41025 | E12: =D12/D11-1 -> 0.25999705
A13: 33239 | C13: 33603 | D13: 51720 | E13: =D13/D12-1 -> 0.2606947
A14: 33604 | C14: 33969 | D14: 65190 | E14: =D14/D13-1 -> 0.26044084
... A20: 35796 | C20: 36160 | D20: 203826 | E20: =D20/D19-1 -> 0.18500044
A21: 36161 | C21: 36525 | D21: 236460 | E21: =D21/D20-1 -> 0.16010715 | G21: 1.691961e+08
A22: 36526 | C22: 36891 | D22: 260100 | E22: =D22/D21-1 -> 0.099974626 | G22: 52932629
A23: 36892 | C23: 37256 | D23: 286000 | E23: =D23/D22-1 -> 0.099577086 | G23: 176883840
A24: 37257 | C24: 37621 | D24: 309000 | E24: =D24/D23-1 -> 0.08041958 | G24: 54158419
A25: 37622 | C25: 37986 | D25: 332000 | E25: =D25/D24-1 -> 0.074433657 | G25: 3965311
A26: 37987 | C26: 38352 | D26: 358000 | E26: =D26/D25-1 -> 0.078313253 | G26: 388069154
A27: 38353 | C27: 38717 | D27: 381500 | E27: =D27/D26-1 -> 0.065642458 | G27: 5612952
A28: 38718 | C28: 39082 | D28: 408000 | E28: =D28/D27-1 -> 0.069462647 | G28: 83130240
A29: 39083 | C29: 39447 | D29: 433700 | E29: =D29/D28-1 -> 0.062990196 | G29: 469599228
A30: 39448 | C30: 39813 | D30: 461500 | E30: =D30/D29-1 -> 0.064099608 | G30: 65836000
A31: 39814 | C31: 40178 | D31: 496900 | E31: =D31/D30-1 -> 0.076706392 | G31: =SUM(G21:G30) -> 1.4693839e+09
A32: 40179 | C32: 40543 | D32: 515000 | E32: =D32/D31-1 -> 0.03642584 | G32: =G31/D37 -> 2280.4126
A33: 40544 | C33: 40908 | D33: 535600 | E33: =D33/D32-1 -> 0.04
A34: 40909 | C34: 41274 | D34: 566700 | E34: =D34/D33-1 -> 0.058065721
A35: 41275 | C35: 41639 | D35: 589500 | E35: =D35/D34-1 -> 0.040232927
A36: 41640 | C36: 42004 | D36: 616000 | E36: =D36/D35-1 -> 0.04495335
A37: 42005 | C37: 42369 | D37: 644350 | E37: =D37/D36-1 -> 0.046022727
A38: 42370 | C38: 42735 | D38: 689454 | E38: =D38/D37-1 -> 0.069999224
A39: 42737 | C39: 43070 | D39: 737717 | E39: =D39/D38-1 -> 0.07000177
A40: 43103 | C40: 43436 | D40: 781242 | E40: =D40/D39-1 -> 0.058999589
HH500: 39733
HH501: 216
HH502: 65

Sheet Hoja1
A1: Modulo | B1: PO | C1: N | D1: Anticipo | F1: SMMLV 2018
A2: 1 | B2: 349999996 | C2: ='KR SLICITADO'!F15 -> 7 | D2: =ROUND(+B2*0.1,0) -> 35000000 | F2: 781242
F7: USD 125000
F8: 2726.47 | G8: 43207
F9: =+F8*125000 -> 340808750

Sheet KR SLICITADO
B1: INSTITUTO NACIONAL DE VÍAS
B2: DIRECCIÓN GENERAL
B3: DIRECCIÓN DE CONTRATACIÓN
B4: DIRECCIÓN TÉCNICA - SUBDIRECCIÓN DE PREVENCIÓN Y ATENCIÓN DE EMERGENCIAS
B5: DIRECCIÓN TÉCNICA - SUBDIRECCIÓN DE PREVENCIÓN Y ATENCIÓN DE EMERGENCIAS DIRECCION TERRITORIAL CUNDINAMARCA
B6: SELECCIÓN ABREVIADA SA-MC-DT-CUN-011-2018
B7: OBJETO: “ATENCIÓN DE SITIOS CRÍTICOS DE LA CARRETERA ZIPAQUIRÁ – UBATÉ RUTA 45A, TRAMO 45A04 EN EL DEPARTAMENTO DE CUNDINAMARCA”.
B8: Fecha de cierre proceso: | D8: =Hoja1!G8 -> 43207
B10: PRESUPUESTO POR MODULOS
B12: MODULO | C12: DESCRIPCIÓN TRAMO/MODULO | D12: PRESUPUESTO OFICIAL | F12: PLAZO | G12: POM | H12: CR SOLICITADO
B13: i | D13: COL pesos $ | E13: SMMLV | F13: meses | G13: smmlv/mes | H13: COL pesos $
B14: 0
B15: 1 | C15: DIRECCIÓN TERRITORIAL CUNDINAMARCA | D15: 349999996 | E15: =D15/SMLM!D40 -> 448.00458 | F15: 7 | G15: =IF(D15="","",ROUND(E15/F15,2)) -> 64 | H15: =D15-(D15*10%) -> 3.15e+08
E16: =IF(D16="","",D16/LOOKUP(VALUE($D$8),[1]SMLM!$A$2:$D$36,[1]SMLM!$D$2:$D$36)) | G16: =IF(D16="","",ROUND(E16/F16,2)) | H16: =H15/SMLM!$D$40 -> 403.20412
E17: =IF(D17="","",D17/LOOKUP(VALUE($D$8),[1]SMLM!$A$2:$D$36,[1]SMLM!$D$2:$D$36)) | G17: =IF(D17="","",ROUND(E17/F17,2))
B19: =COUNT(B15:B17) -> 1 | C19: SUMATORIA = | D19: =SUM(D15:D18) -> 349999996 | E19: =SUM(E15:E18) -> 448.00458 | G19: =SUM(G15:G18) -> 64
